 Dungeon Crawl Stone Soup version 0.24-a0-194-g9bee6eb (webtiles) character file.

Game seed: 14245078784732942962

35 Ivan the Chopper (level 3, 0/33 HPs)
             Began as a Hill Orc Berserker on Mar 18, 2019.
             Was a Believer of Trog.
             Succumbed to an adder's poison
             ... on level 2 of the Dungeon.
             The game lasted 00:03:05 (1108 turns).

Ivan the Chopper (Hill Orc Berserker)               Turns: 1108, Time: 00:03:06

Health: 0/33       AC:  2    Str: 20    XL:     3   Next: 33%
Magic:  3/3        EV: 12    Int:  9    God:    Trog [**....]
Gold:   60         SH:  0    Dex: 10    Spells: 2/2 levels left

rFire    . . .     SeeInvis .   a - +0 hand axe
rCold    . . .     Gourm    .   (no shield)
rNeg     . . .     Faith    .   b - +0 animal skin
rPois    .         Spirit   .   (no helmet)
rElec    .         Reflect  .   (no cloak)
rCorr    .         Harm     .   (no gloves)
MR       .....                  (no boots)
Stlth    +.........             (no amulet)
HPRegen  0.11/turn              h - +2 ring of intelligence
MPRegen  0.08/turn              (no ring)

@: lethally poisoned (0 -> -2)
A: no striking features
a: Berserk, Trog's Hand, Renounce Religion


You were on level 2 of the Dungeon.
You worshipped Trog.
Trog was pleased with you.
You were hungry.

You visited 1 branch of the dungeon, and saw 2 of its levels.

You collected 60 gold pieces.

Inventory:

Hand Weapons
 a - a +0 hand axe (weapon)
Armour
 b - a +0 animal skin (worn)
Jewellery
 h - a +2 ring of intelligence (left hand)
 j - an uncursed amulet of the acrobat {unknown}
Scrolls
 d - 3 scrolls of remove curse {unknown}
 e - a scroll of fear {unknown}
 f - a scroll of teleportation {unknown}
 g - a scroll of identify {unknown}
 i - a scroll of magic mapping {unknown}
Comestibles
 c - 2 rations


   Skills:
 + Level 4.1 Fighting
 + Level 4.6 Axes
 * Level 2.5 Armour
 * Level 1.9 Dodging


You had 2 spell levels left.
You didn't know any spells.
Your spell library was empty.

Dungeon Overview and Level Annotations

Branches:
Dungeon (2/15)

Altars:


Message History

You hit the worm.
The worm is severely wounded.
The worm bites you. The adder bites you.
You are poisoned.
The adder poisons you!
You are too injured to fight recklessly!
You are too injured to fight recklessly!
Unknown command.
You closely miss the adder. You hit the worm but do no damage.
You feel sick. The adder bites you.
* * * LOW HITPOINT WARNING * * *
The worm closely misses you.
You hit the adder.
The adder is severely wounded.
You hit the worm but do no damage. The adder bites you.
* * * LOW HITPOINT WARNING * * *
You aren't carrying any potions.
The adder bites you.
* * * LOW HITPOINT WARNING * * *
You die...

#..........##..#.# .
#..........##..#.# .#
#..........##..#.##.####
#......(...#...........#
###'########..(........#
# #.### #....w......# #
#.#.# #..S##+# #.#.#
######...##.# ###.#.#
#.......@##(#
....#'###.#####..##.#
##.))..##.#####..##.#
#.....##.#.......#.#
#.....'..†......>#.#
##.....##.#.......#.#
.####...............#
#.###.########### #.#
#.#


You could see a worm and an adder.

Vanquished Creatures
  A dart slug (D:1)
  A leopard gecko (D:1)
  A ball python (D:1)
  4 bats
  A giant cockroach (D:2)
  3 hobgoblins
  6 kobolds (D:1)
  4 frilled lizards
  6 goblins
  2 rats
29 creatures vanquished.

Notes
Turn   | Place    | Note
-------+----------+-------------------------------------------
     0 | D:1      | Ivan the Hill Orc Berserker began the quest for the Orb.
     0 | D:1      | Reached XP level 1. HP: 19/19 MP: 1/1
   194 | D:1      | Reached XP level 2. HP: 23/27 MP: 2/2
   691 | D:1      | Reached XP level 3. HP: 26/33 MP: 3/3
   987 | D:2      | Reached ** piety under Trog
  1107 | D:2      | HP: 1/33 [adder (5)]
  1108 | D:2      | Succumbed to an adder's poison

Levels and vault maps discovered:
D:1:      dpeg_arrival_tiny_c, layout_loops_ring
D:2:      layout_basic, minitemple, first_ration, uniq_natasha

Skill      XL: |  1  2 |
---------------+-------+-----
Fighting       | 4 |  4.1
Axes           | |  4.6
Armour         | |  2.5
Dodging        | |  1.9

Action                   || total
-------------------------++-------
Melee: Hand axe          ||    99
 Stab: Sleeping          ||     1
Armor: Animal skin       ||    15
Dodge: Dodged            ||    65

Table legend:
 A = Non-vault XP
 B = Vault XP
 C = Vault XP percentage of total XP
 D = Non-vault monster count
 E = Vault monster count
 F = Vault count percentage of total count
                 A         B        C        D         E       F
            +---------+---------+-------+---------+---------+-------
      Total |      50 |       0 |   0.0 |      29 |       0 |   0.0
            +---------+---------+-------+---------+---------+-------
        D:1 |      36 |       0 |   0.0 |      21 |       0 |   0.0
        D:2 |      14 |       0 |   0.0 |       8 |       0 |   0.0
            +---------+---------+-------+---------+---------+-------
